 Dungeon Crawl Stone Soup version 0.27-a0-1219-g958d993ae5 (webtiles) character file.

Game seed: 8804545487873007888

186 patchburns1 the Magician (level 5, 0/39 HPs)
             Began as a Djinni Hedge Wizard on June 6, 2021.
             Killed by their own static electricity (3 damage)
             ... on level 4 of the Dungeon on June 7, 2021.
             The game lasted 00:18:06 (4341 turns).

patchburns1 the Magician (Djinni Hedge Wizard)      Turns: 4341, Time: 00:18:07

Health: 0/39       AC:  5    Str:  9    XL:     5   Next: 98%
Gold:   95         EV: 12    Int: 17    God:
                   SH:  0    Dex: 12

rFire    + + .     SeeInvis .   a - +0 dagger
rCold    x . .     Faith    .   (no shield)
rNeg     . . .     Spirit   .   d - +0 leather armour
rPois    ∞         Reflect  .   c - +0 hat
rElec    .         Harm     .   m - +0 cloak
rCorr    .         Rampage  .   t - +0 pair of gloves
Will     .....                  (boots unavailable)
Stlth    ++........             (no amulet)
HPRegen  0.13/turn              (no ring)
MPRegen  0.00/turn              (no ring)

@: flying
A: sickness immunity, fire resistance 2, cold vulnerability 1, float, innate
caster, hp casting, extra vitality 1
a: no special abilities


You were on level 4 of the Dungeon.
You visited 1 branch of the dungeon, and saw 4 of its levels.

You collected 95 gold pieces.

Inventory:

Hand Weapons
 a - a +0 dagger (weapon)
 g - a +0 hunting sling
 n - a +2 quarterstaff of chaos
 w - a +2 whip of venom
Missiles
 h - 127 stones
 o - 13 arrows
 p - 37 bolts
Armour
 b - a +0 robe
 c - a +0 hat (worn)
 d - a +0 leather armour (worn)
 m - a +0 cloak (worn)
 t - a +0 pair of gloves (worn)
Jewellery
 r - an amulet of faith
Scrolls
 f - 3 scrolls of teleportation {unknown}
 k - a scroll of blinking {unknown}
 q - a scroll of fear {unknown}
 s - a scroll of immolation {unknown}
 v - a scroll of identify {unknown}
Potions
 e - 3 potions of heal wounds {unknown}
 i - a potion of cancellation {unknown}
 j - 2 potions of ambrosia {unknown}
 l - a potion of attraction {unknown}
 u - a potion of curing {unknown}


   Skills:
 * Level 2.3 Fighting
 + Level 1.3 Short Blades
 + Level 1.6 Armour
 + Level 3.1 Dodging
 + Level 2.2 Stealth
 * Level 3.1 Spellcasting


You couldn't memorise any spells.
You knew the following spells:

 Your Spells              Type           Power      Damage    Failure   Level
a - Magic Dart            Conj           52%        1d5       6%          1
b - Blink                 Tloc           N/A        N/A       10%         2
c - Call Imp              Summ           13%        N/A       10%         2
d - Slow                  Hex            13%        N/A       10%         2
e - Conjure Flame         Conj/Fire      13%        6-21      19%         3
f - Mephitic Cloud        Conj/Pois/Air  13%        N/A       19%         3
g - Shock                 Conj/Air       52%        1d6       6%          1
h - Static Discharge      Conj/Air       13%        N/A       10%         2
Your spell library was empty.

Dungeon Overview and Level Annotations

Branches:
Dungeon (4/15)
 Temple: D:4-7

Altars:


Innate Abilities, Weirdness & Mutations

You are immune to sickness and miasma.
You are immune to poison.
Your flesh is very heat resistant. (rF++)
You are vulnerable to cold. (rC-)
You float through the air rather than walking.
You learn spells naturally, not from books.
Your magical power is your life essence.
You have superior vitality. (+4 HP)


Message History

Aim: a kobold, wielding a +0 short sword and quivering stones (60% to hit)
The zap hits the kobold.
You kill the kobold!
Your magical contamination has completely faded away.
A centaur comes into view.
Aiming: Shock (safe; 6% risk of failure)
Press: ? - help, Q - select action, (/) - cycle Shift-Dir - straight line The zap hits the centaur.
The centaur is lightly wounded.
The centaur shouts!
The zap hits the centaur.
The centaur is moderately wounded.
The centaur wields a +0 shortbow.
The centaur shoots an arrow.
The arrow hits you!
Aiming: Shock (safe; 6% risk of failure)
Press: ? - help, Q - select action, (/) - cycle Shift-Dir - straight line The zap hits the centaur but does no damage.
The centaur is moderately wounded.
The zap hits the centaur.
The centaur is heavily wounded.
The centaur shoots an arrow.
The arrow closely misses you.
The centaur shoots an arrow.
The arrow hits you!
The centaur unwields a +0 shortbow.
The centaur hits you.
* * * LOW HITPOINT WARNING * * *
The centaur kicks you.
* * * LOW HITPOINT WARNING * * *
Casting: Shock (safe; 6% risk of failure)
Confirm with . or Enter, or press ? or * to list all spells.
The centaur is struck by an arc of lightning.
The centaur is severely wounded.
The lightning grounds out.
* * * LOW HITPOINT WARNING * * *
The centaur closely misses you.
The centaur kicks you but does no damage.
Casting: Static Discharge (safe; 10% risk of failure)
Confirm with . or Enter, or press ? or * to list all spells.
The centaur is struck by an arc of lightning.
The centaur is almost dead.
You are struck by an arc of lightning.
You die...

.#.#....##
....###)..#.#
..........
.......)....#
##.#...###
....###)..#.#
......##
..#.^.......#
.#.#.##
#####.#####
.#.#.# #...#
.#.# # #+#
#.### .#.#
######.####
#.# ....
#......@c.#
#.# ##.#
#.####.##)#
#.# #.#
##..?#$###.#
#.....)c...#
.........#####
#.......##
#........#
..........#
##........#


You could see a centaur.

Vanquished Creatures
  A howler monkey (D:4)
  Jessica (D:2)
  An adder (D:3)
  A dart slug (D:4)
  A worm (D:3)
  6 orcs (D:4)
  4 bats
  6 endoplasms
  A giant cockroach (D:1)
  8 goblins
  6 hobgoblins
  9 jackals
  11 kobolds
  4 quokkas
  4 ball pythons
  5 frilled lizards
  8 rats
77 creatures vanquished.

Vanquished Creatures (collateral kills)
  Crazy Yiuf (D:2)
1 creature vanquished.

Grand Total: 78 creatures vanquished

Notes
Turn   | Place    | Note
-------+----------+-------------------------------------------
     0 | D:1      | patchburns1 the Djinni Hedge Wizard began the quest for the
                  | Orb.
     0 | D:1      | Reached XP level 1. HP: 15/15 MP: 0/0
   547 | D:1      | Reached XP level 2. HP: 16/22 MP: 0/0
  1069 | D:1      | Reached skill level 1 in Fighting
  1371 | D:1      | Reached XP level 3. HP: 20/27 MP: 0/0
  1371 | D:1      | Learned a level 1 spell: Shock
  1716 | D:2      | Noticed Jessica
  1722 | D:2      | Killed Jessica
  1723 | D:2      | Reached skill level 1 in Armour
  1723 | D:2      | Reached XP level 4. HP: 26/32 MP: 0/0
  1890 | D:2      | Reached skill level 1 in Short Blades
  2281 | D:2      | Found a faded altar of an unknown god.
  2663 | D:2      | Found a runed translucent door.
  2664 | D:2      | Noticed Crazy Yiuf
  2680 | D:2      | Killed Crazy Yiuf
  3120 | D:3      | Reached XP level 5. HP: 36/38 MP: 0/0
  3120 | D:3      | Learned a level 2 spell: Static Discharge
  4334 | D:4      | Noticed a centaur
  4341 | D:4      | Killed from afar by themself

Illustrated notes

Levels and vault maps discovered:
D:1:      doesnt_arrival_eight_statues, layout_basic, roderic_filled_cross
D:2:      layout_loops_ring, hellmonk_ecumenical_altar_prayer_group,
          uniq_jessica, uniq_crazy_yiuf_cottage
D:3:      layout_basic
D:4:      layout_loops_corners, doesnt_xom_only_xom

Skill      XL: |  1  2  3  4  5 |
---------------+----------------+-----
Fighting       | 1 2 |  2.3
Armour         | 1 |  1.6
Short Blades   | 1 |  1.3
Stealth        | 2 |  2.2
Spellcasting   | 3 |  3.1
Dodging        | 3 |  3.1

Action                   |  1- 3 |  4- 6 || total
-------------------------+-------+-------++-------
Melee: Dagger            |     6 |     5 ||    11
 Cast: Magic Dart        |    68 |   102 ||   170
       Call Imp          |       |     3 ||     3
       Shock             |       |    23 ||    23
       Static Discharge  |       |     1 ||     1
Armor: Leather armour    |       |     8 ||     8
Dodge: Dodged            |    10 |    12 ||    22

Table legend: (Time is in decaauts)
 A = Elapsed time spent in this place.
 B = Non-inter-level travel time spent in this place.
 C = Inter-level travel time spent in this place.
 D = Time resting spent in this place.
 E = Time spent auto-exploring this place.
 F = Levels seen in this place.
 G = Mean time per level.
                   A        B        C        D        E       F      G
               +--------+--------+--------+--------+--------+-----+--------+
         Total |   4341 |   4244 |     97 |    508 |   3181 |   4 | 1085.2 |
       Dungeon |   4341 |   4244 |     97 |    508 |   3181 |   4 | 1085.2 |
               +--------+--------+--------+--------+--------+-----+--------+

Top non-repeatable levels by time:
     D:1: 1790 daAuts
     D:2: 1295 daAuts
     D:3: 951 daAuts
     D:4: 303 daAuts
